 Dungeon Crawl Stone Soup version 0.23-a0-860-g8ff03fb (webtiles) character file.

601 Mgcat the Conjurer (level 6, -6/45 HPs)
             Began as a Demigod Conjurer on Jan 27, 2019.
             Mangled by Pikel
             ... wielding a +0 whip of electrocution
              (8 damage)
             ... on level 5 of the Dungeon.
             The game lasted 00:10:22 (5537 turns).

Mgcat the Conjurer (Demigod Conjurer)               Turns: 5537, Time: 00:10:23

Health: -6/45      AC:  2    Str: 11    XL:     6   Next: 96%
Magic:  1/15       EV: 12    Int: 23    God:
Gold:   224        SH:  5    Dex: 16    Spells: 5/13 levels left

rFire    + . .     SeeInvis .   f - +1 dagger (venom)
rCold    + . .     Gourm    .   p - +0 buckler
rNeg     . . .     Faith    .   a - +0 robe
rPois    .         Spirit   .   (no helmet)
rElec    .         Reflect  .   r - scarf {rC+ rF+}
rCorr    .         Harm     .   (no gloves)
MR       .....                  (no boots)
Stlth    ++........             l - amulet of rage {+Rage, !d}
HPRegen  0.15/turn              (no ring)
MPRegen  0.14/turn              (no ring)

@: no status effects
A: high mp 1
a: Evoke Berserk Rage


You were on level 5 of the Dungeon.
You were not hungry.

You visited 1 branch of the dungeon, and saw 5 of its levels.

You collected 224 gold pieces.

Inventory:

Hand Weapons
 f - a +1 dagger of venom (weapon)
   (You took it off an orc on level 3 of the Dungeon)
Armour
 a - a +0 robe (worn)
 p - a +0 buckler (worn)
   (You found it on level 2 of the Dungeon)
 r - a scarf of resistance (worn)
   (You found it on level 2 of the Dungeon)
Jewellery
 l - an amulet of rage (around neck) {+Rage, !d}
   (You found it on level 2 of the Dungeon)
Scrolls
 e - a scroll of identify
 k - a scroll of immolation {!r}
 w - a scroll of teleportation
Potions
 d - a potion of heal wounds
 g - 2 potions of ambrosia
 h - a potion of degeneration {unknown}
 i - 2 potions of lignification {unknown}
 j - 2 potions of invisibility
 m - a potion of berserk rage {!q}
 q - a potion of might {unknown}
 t - 2 potions of flight
 u - a potion of haste {unknown}
Comestibles
 b - 2 chunks of flesh {@w0}
 c - 12 rations


   Skills:
 - Level 1.7 Dodging
 - Level 1.7 Stealth
 + Level 3.1 Shields
 + Level 4.1 Spellcasting
 + Level 5.4 Conjurations
 + Level 1.8 Hexes


You had 5 spell levels left.
You knew the following spells:

 Your Spells              Type           Power        Failure   Level  Hunger
a - Magic Dart            Conj           ####         1%          1    None
b - Dazzling Spray        Conj/Hex       ###...       8%          3    ##.....
c - Fulminant Prism       Conj/Hex       ###.......   26%         4    ####...

Your spell library contained the following spells:

 Spells                   Type           Power        Failure   Level  Hunger
 Searing Ray              Conj           ####..       1%          2    #......
 Iskenderun's Mystic Bla  Conj           ####....     12%         4    ####...
 Force Lance              Conj/Tloc      ###.....     36%         4    ####...


Dungeon Overview and Level Annotations

Branches:
Dungeon (5/15)             Temple (0/1) D:4

Shops:
D:4 :

Annotations:
D:5 Pikel


Innate Abilities, Weirdness & Mutations

You have an increased reservoir of magic. (+10% MP)


Message History

Casting: Dazzling Spray (safe; 8% risk of failure)
Confirm with . or Enter, or press ? or * to list all spells.
Aiming: Dazzling Spray (safe; 8% risk of failure)
Press: ? - help, Shift-Dir - straight line, f/p - Pikel
Aim: Pikel, wielding a +0 whip of electrocution and wearing a +0 robe (lightly wounded)
The spray of energy misses Pikel.
You now have 0/15 mp.
Warning x2: The slave means Pikel is nearby!
Pikel can hit for high damage in melee!
Warning x2: The slave means Pikel is nearby!
Pikel can hit for high damage in melee!
Warning x2: The slave means Pikel is nearby!
Pikel can hit for high damage in melee!
Warning x2: The slave means Pikel is nearby!
Pikel can hit for high damage in melee!
Warning x2: The slave means Pikel is nearby!
Pikel can hit for high damage in melee!
Spoiler Alert: Pikel can hit for high damage in melee!
Things that are here:
a +0 flail; a +0 ring mail Warning x2: The slave means Pikel is nearby!
Pikel can hit for high damage in melee!
Warning x2: The slave means Pikel is nearby!
Pikel can hit for high damage in melee!
There is a stone staircase leading up here.
Warning x2: The slave means Pikel is nearby!
Pikel can hit for high damage in melee!
You barely miss Pikel.
Pikel is lightly wounded.
Pikel hits you with a +0 whip of electrocution!
You take 9 damage, and have 36/45 hp.
Warning x2: The slave means Pikel is nearby!
Pikel can hit for high damage in melee!
You barely miss Pikel.
Pikel is lightly wounded.
Pikel barely misses you.
Warning x2: The slave means Pikel is nearby!
Pikel can hit for high damage in melee!
Casting: Dazzling Spray (safe; 8% risk of failure)
Confirm with . or Enter, or press ? or * to list all spells.
Aiming: Magic Dart (safe; 1% risk of failure)
Press: ? - help, Shift-Dir - straight line, f/p - Pikel
Aim: Pikel, wielding a +0 whip of electrocution and wearing a +0 robe The magic dart hits Pikel.
Pikel is lightly wounded.
Pikel closely misses you.
You now have 1/15 mp.
Warning x2: The slave means Pikel is nearby!
Pikel can hit for high damage in melee!
Casting: Magic Dart (safe; 1% risk of failure)
Confirm with . or Enter, or press ? or * to list all spells.
Aiming: Magic Dart (safe; 1% risk of failure)
Press: ? - help, Shift-Dir - straight line, f/p - Pikel
Aim: Pikel, wielding a +0 whip of electrocution and wearing a +0 robe (lightly wounded)
The magic dart hits Pikel.
Pikel is moderately wounded.
Pikel says, "You'll fetch a fair price!"
Pikel hits you with a +0 whip of electrocution.
You are electrocuted!
You take 16 damage, and have 20/45 hp.
MASSIVE DAMAGE!!
You now have 0/15 mp.
Warning x2: The slave means Pikel is nearby!
Pikel can hit for high damage in melee!
Casting: Magic Dart (safe; 1% risk of failure)
Confirm with . or Enter, or press ? or * to list all spells.
You don't have enough magic to cast that spell.
Warning x2: The slave means Pikel is nearby!
Pikel can hit for high damage in melee!
Casting: Magic Dart (safe; 1% risk of failure)
Confirm with . or Enter, or press ? or * to list all spells.
You don't have enough magic to cast that spell.
Warning x2: The slave means Pikel is nearby!
Pikel can hit for high damage in melee!
Casting: Magic Dart (safe; 1% risk of failure)
Confirm with . or Enter, or press ? or * to list all spells.
You don't have enough magic to cast that spell.
Warning x2: The slave means Pikel is nearby!
Pikel can hit for high damage in melee!
Casting: Magic Dart (safe; 1% risk of failure)
Confirm with . or Enter, or press ? or * to list all spells.
You don't have enough magic to cast that spell.
Warning x2: The slave means Pikel is nearby!
Pikel can hit for high damage in melee!
Evoke which item? (* to show all) (? for menu, Esc to quit)
Aiming: Corrosive Bolt
Press: ? - help, Shift-Dir - straight line, f - slave, p - Pikel
Aim: a slave, wearing a cursed -2 animal skin The bolt of acid hits Pikel!
Pikel is splashed with acid.
Pikel is severely wounded.
The bolt of acid hits the slave!
The slave is splashed with acid.
The acid corrodes the slave!
The slave is severely wounded.
You block Pikel's attack.
Warning x2: The slave means Pikel is nearby!
Pikel can hit for high damage in melee!
Evoke which item? (* to show all) (? for menu, Esc to quit)
Aiming: Corrosive Bolt
Press: ? - help, Shift-Dir - straight line, p - slave The bolt of acid hits Pikel!
Pikel is splashed with acid.
Pikel is almost dead.
The bolt of acid hits the slave!
The slave is splashed with acid.
The acid corrodes the slave!
You kill the slave!
That felt strangely unrewarding.
Pikel hits you with a +0 whip of electrocution!
* * * LOW HITPOINT WARNING * * *
You are electrocuted!
* * * LOW HITPOINT WARNING * * *
You take 18 damage, and have 2/45 hp.
MASSIVE DAMAGE!!
Spoiler Alert: Pikel can hit for high damage in melee!
Evoke which item? (* to show all) (? for menu, Esc to quit)
Aiming: Corrosive Bolt
Press: ? - help, Shift-Dir - straight line The bolt of acid misses Pikel.
The now-empty wand crumbles to dust.
Pikel hits you with a +0 whip of electrocution.
* * * LOW HITPOINT WARNING * * *
You are electrocuted!
You die...

#.[[# #...# ####### #..p#
#.....# #...######.
#.###.# #.......... #.#
#.#
#..K##########.###.#####
#...##.....p...........#
#...##.########.#.####.#
##..K).##@K[....#....#.#
###################.#.###
#.....# #######


You could see Pikel.

Vanquished Creatures
  3 slaves (D:5)
  A scorpion (D:4)
  A howler monkey (D:4)
  An orc priest (D:3)
  A bullfrog skeleton (D:3)
  5 orc wizards
  A centaur skeleton (D:5)
  An iguana (D:4)
  A worker ant (D:4)
  4 gnolls (D:3)
  9 adders
  An ooze (D:4)
  An adder skeleton (D:4)
  A dart slug (D:2)
  2 leopard geckos (D:3)
  20 orcs
  2 giant cockroaches
  12 hobgoblins
  8 jackals
  3 kobolds
  A quokka (D:2)
  2 ball pythons
  8 bats
  7 frilled lizards
  9 goblins
  A quokka zombie (D:4)
  8 rats
114 creatures vanquished.

Notes
Turn   | Place    | Note
-------+----------+-------------------------------------------
     0 | D:1      | Mgcat the Demigod Conjurer began the quest for the Orb.
     0 | D:1      | Reached XP level 1. HP: 14/14 MP: 5/5
   154 | D:1      | Reached skill level 2 in Spellcasting
   320 | D:1      | Reached XP level 2. HP: 20/20 MP: 3/7
   629 | D:1      | Reached skill level 4 in Conjurations
   866 | D:2      | Found a shimmering altar of Xom.
   992 | D:2      | Reached XP level 3. HP: 22/26 MP: 4/9
  1128 | D:2      | Found a burning altar of Makhleb.
  1723 | D:3      | Reached XP level 4. HP: 33/33 MP: 3/11
  1731 | D:3      | Learned a level 4 spell: Fulminant Prism
  1756 | D:3      | Reached skill level 1 in Shields
  1756 | D:3      | Reached skill level 3 in Spellcasting
  2252 | D:3      | Reached XP level 5. HP: 38/38 MP: 10/12
  2267 | D:3      | Found a sparkling altar of Nemelex Xobeh.
  2438 | D:3      | Reached skill level 2 in Shields
  2457 | D:3      | HP: 1/38 [gnoll/+0 whip (11)]
  2844 | D:3      | Reached skill level 5 in Conjurations
  3026 | D:3      | Learned a level 3 spell: Dazzling Spray
  3077 | D:4      | Found a staircase to the Ecumenical Temple.
  3559 | D:4      | Reached XP level 6. HP: 41/45 MP: 9/14
  3861 | D:4      | Reached skill level 1 in Hexes
  4139 | D:4      | Found Byruurakhla's Book Emporium.
  4464 | D:4      | HP: 11/45 [iguana (6)]
  4472 | D:4      | HP: 6/45 [howler monkey (3)]
  4554 | D:4      | Reached skill level 3 in Shields
  4554 | D:4      | Reached skill level 4 in Spellcasting
  5087 | D:5      | Entered Level 5 of the Dungeon
  5495 | D:5      | Noticed Pikel
  5536 | D:5      | HP: 2/45 [Pikel/+0 whip of electrocution (11)]
  5537 | D:5      | Mangled by Pikel

Vault maps used:
D:1:      dpeg_arrival_shelter, chequers_serial_rivers_micro_e
D:2:      brannock_xom_greatest_gift, marbit_many_paths,
          ebering_dispersal_statue_hall, hangedman_glass_teeth,
          chequers_serial_rivers_micro_a, kennysheep_generic_room_6
D:3:      nemelex_xobeh_ov_fountains_minmay
D:4:      minmay_temple_entry_glass, serial_shops, nicolae_shop_behind_doors,
          first_ration, hangedman_decor_riveting, minmay_misc_feat_iff
D:5:      minmay_opposing_rooms, chequers_temple_overflow_statue_of_worship,
          serial_shops, nicolae_shop_stone, uniq_pikel

Skill      XL: |  1  2  3  4  5  6 |
---------------+-------------------+-----
Spellcasting   | 2 3 4 |  4.1
Conjurations   | 4 5 |  5.4
Shields        | 1 2 3 |  3.1
Hexes          | 1 |  1.8
Dodging        | |  1.7
Stealth        | |  1.7

Action                   |  1- 3 |  4- 6 || total
-------------------------+-------+-------++-------
Melee: Unarmed           |    12 |       ||    12
       Club              |     2 |    31 ||    33
       Dagger            |       |     3 ||     3
 Cast: Magic Dart        |    83 |   234 ||   317
       Dazzling Spray    |       |    18 ||    18
Evoke: Wand              |       |     3 ||     3
  Use: Scroll            |     6 |     6 ||    12
 Stab: Sleeping          |     1 |       ||     1
  Eat: Chunk             |     2 |    13 ||    15
Armor: Robe              |     2 |     9 ||    11
Dodge: Dodged            |    10 |    71 ||    81
Block: Buckler           |       |    30 ||    30

Table legend:
 A = Non-vault XP
 B = Vault XP
 C = Vault XP percentage of total XP
 D = Non-vault monster count
 E = Vault monster count
 F = Vault count percentage of total count
                 A         B        C        D         E       F
            +---------+---------+-------+---------+---------+-------
      Total |     855 |       4 |   0.5 |     108 |       3 |   2.7
            +---------+---------+-------+---------+---------+-------
        D:1 |      25 |       0 |   0.0 |      17 |       0 |   0.0
        D:2 |      83 |       4 |   4.6 |      22 |       3 |  12.0
        D:3 |     315 |       0 |   0.0 |      40 |       0 |   0.0
        D:4 |     379 |       0 |   0.0 |      26 |       0 |   0.0
        D:5 |      53 |       0 |   0.0 |       3 |       0 |   0.0
            +---------+---------+-------+---------+---------+-------

Vault maps used:
D:1:      dpeg_arrival_shelter, chequers_serial_rivers_micro_e
D:2:      brannock_xom_greatest_gift, marbit_many_paths,
          ebering_dispersal_statue_hall, hangedman_glass_teeth,
          chequers_serial_rivers_micro_a, kennysheep_generic_room_6
D:3:      nemelex_xobeh_ov_fountains_minmay
D:4:      minmay_temple_entry_glass, serial_shops, nicolae_shop_behind_doors,
          first_ration, hangedman_decor_riveting, minmay_misc_feat_iff
D:5:      minmay_opposing_rooms, chequers_temple_overflow_statue_of_worship,
          serial_shops, nicolae_shop_stone, uniq_pikel

Table legend:
 A = Turns spent in this place as a percentage of turns spent in the entire game.
 B = Non-inter-level travel turns spent in this place as a percentage of non-inter-level travel turns spent in the entire game.
 C = Inter-level travel turns spent in this place as a percentage of turns spent in this place.
 D = Turns resting spent in this place as a percentage of non-inter-level travel turns spent in this place.
 E = Turns spent auto-exploring this place as a percentage of non-inter-level travel turns spent in this place.
 F = Non-inter-level travel turns spent in this place divided by the number of levels of this place that you've seen.
                   A       B       C       D       E      F
               +-------+-------+-------+-------+-------+----------------------
         Total | 100.0 | 100.0 |   3.2 |  26.3 |  57.3 | 1072.4
       Dungeon | 100.0 | 100.0 |   3.2 |  26.3 |  57.3 | 1072.4
               +-------+-------+-------+-------+-------+----------------------

Table legend:
 A = Kills in this place as a percentage of kills in entire the game.
 B = Kills by you in this place as a percentage of kills by you in the entire game.
 C = Kills by friends in this place as a percentage of kills by friends in the entire game.
 D = Other kills in this place as a percentage of other kills in the entire game.
 E = Experience gained in this place as a percentage of experience gained in the entire game.
 F = Experience gained in this place divided by the number of levels of this place that you have seen.
                   A       B       C       D       E      F
               +-------+-------+-------+-------+-------+----------------------
         Total | 100.0 | 100.0 |   N/A |   N/A | 100.0 | 171.8
       Dungeon | 100.0 | 100.0 |   N/A |   N/A | 100.0 | 171.8
               +-------+-------+-------+-------+-------+----------------------
